 Dungeon Crawl Stone Soup version 0.29-a0-330-g52719c12eb (webtiles) character file.

Game seed: 17080366103913334563

4432 sizableburger the Tainter (level 10, -1/65 HPs)
             Began as an Octopode Transmuter on Apr 12, 2022.
             Was a Follower of Wu Jian.
             Slain by a centaur warrior (9 damage)
             ... on level 8 of the Dungeon.
             The game lasted 00:17:48 (8170 turns).

sizableburger the Tainter (Octopode Transmuter)     Turns: 8170, Time: 00:17:49

Health: -1/65      AC:  2    Str: 12    XL:     10   Next: 36%
Magic:  33/36      EV: 23    Int: 16    God:    Wu Jian [*.....]
Gold:   316        SH:  5    Dex: 19    Spells: 9/19 levels left

rFire   x . .      SeeInvis .     - Unarmed
rCold   + . .      Faith    .   (shield currently unavailable)
rNeg    . . .      Spirit   .   (helmet currently unavailable)
rPois   x          Reflect  +   d - amulet of reflection
rElec   .          Harm     .   f - ring of flight
rCorr   .          Rampage  .   q - ring of magical power
Will    .....                   a - ring of magical power
Stlth   ++........              r - ring of ice
HPRegen 0.20/turn               (no ring)
MPRegen 0.25/turn               (no ring)
                                (no ring)
                                (no ring)

@: spider-form, wereblooded, flying, studying Poison Magic
A: venomous fangs, almost no armour, (amphibious), 8 rings, tiny, (camouflage
1), (gelatinous body 1), (nimble swimmer 1), (tentacles)
a: End Transformation, Renounce Religion


You were on level 8 of the Dungeon.
You worshipped Wu Jian.
Wu Jian was aware of your devotion.
You were a venomous arachnid creature.
You visited 2 branches of the dungeon, and saw 9 of its levels.

You collected 316 gold pieces.

Inventory:

Armour
 s - a +0 buckler (melded)
Jewellery
 a - a ring of magical power (on tentacle)
 d - an amulet of reflection (around neck)
 f - a ring of flight (left front leg)
 n - the amulet "Omowegg" {RegenMP rElec rF+ Str-4 Int+8}
   (You found it on level 4 of the Dungeon)

   [amulet of magic regeneration]

   It increases your rate of magic regeneration.
   Str:       It affects your strength (-4).
   Int:       It affects your intelligence (+8).
   rF:        It protects you from fire.
   rElec:     It insulates you from electricity.
 q - a ring of magical power (right front leg)
 r - a ring of ice (on tentacle)
Wands
 p - a wand of polymorph (5)
 u - a wand of iceblast (10)
Scrolls
 i - 2 scrolls of identify
 j - a scroll of torment {unknown}
 m - 2 scrolls of fear
 o - a scroll of blinking {unknown}
 t - 2 scrolls of noise {unknown}
 v - a scroll of teleportation {unknown}
Potions
 b - a potion of degeneration
 c - 2 potions of curing
 e - 3 potions of brilliance
 g - 2 potions of cancellation
 h - a potion of magic
 k - a potion of attraction {unknown}
 l - 2 potions of haste


   Skills:
 - Level 4.3 Fighting
 - Level 5.2 Dodging
 + Level 7.5 Unarmed Combat
 - Level 5.4 Spellcasting
 - Level 5.4 Transmutations
 + Level 6.0 Ice Magic
 + Level 8.5 Poison Magic


You had 9 spell levels left.
You knew the following spells:

 Your Spells              Type           Power      Damage    Failure   Level
a - Beastly Appendage     Tmut           42%        N/A       7%          1
b - Spider Form           Tmut/Pois      26%        N/A       10%         3
c - Wereblood             Tmut           21%        N/A       9%          2
d - Ice Form              Ice/Tmut       34%        N/A       32%         4

Your spell library contained the following spells:

 Spells                   Type           Power      Damage    Failure   Level
 Static Discharge         Conj/Air       4%         N/A       43%         2
 Inner Flame              Hex/Fire       4%         N/A       63%         3
 Cause Fear               Hex            2%         N/A       93%         4
 Lightning Bolt           Conj/Air       2%         1d13      99%         5
 Discord                  Hex            2%         N/A       100%        8
 Maxwell's Capacitive Co  Air            2%         ∞         100%        8


Dungeon Overview and Level Annotations

Branches:
Dungeon (8/15)             Temple (1/1) D:5
   Lair: D:8-11

Altars:
Ashenzari
Cheibriados
Dithmenos
Elyvilon
Fedhas
Gozag
Hepliaklqana
Kikubaaqudgha
Makhleb
Nemelex Xobeh
Okawaru
Qazlal
Ru
Sif Muna
Trog
Uskayaw
Vehumet
Wu Jian
Xom
Yredelemnul
Zin

Annotations:
D:4 1 runed translucent door, spaghetti's ghost, amateur DsCj
D:5 Pikel


Innate Abilities, Weirdness & Mutations

You are a venomous arachnid creature.
You have poisonous fangs.
You are tiny and dextrous.
Your spellcasting is less reliable in this form.
Your armour is entirely melded.
You are incapable of wielding weapons or throwing items.
You cannot wear most types of armour.
((You are amphibious.))
You can wear up to eight rings at the same time.
((Your skin changes colour to match your surroundings (Stealth+).))
((Your rubbery body absorbs attacks. (AC +1, EV +1)))
((You are camouflaged when in or above water. (Stealth+)))
((You have tentacles for arms and can constrict up to eight enemies at once.))


Message History

You hit the centaur warrior.
The centaur warrior is almost dead.
The centaur warrior completely misses you. x2
The centaur warrior hits you!
* * * LOW HITPOINT WARNING * * *
The centaur warrior kicks you.
* * * LOW HITPOINT WARNING * * *
Okay, then.
Unknown command.
Okay, then.
Okay, then.
Okay, then.
Unknown command.
Press: ? - help, v - describe, . - travel
Here: a centaur warrior The floor, spattered with blood.
Unknown command.
You feel better. The centaur warrior hits you. The centaur warrior kicks you.
The centaur warrior misses you.
The centaur warrior closely misses you. x2
The centaur warrior kicks you.
Unknown command.
Unknown command.
You hit the centaur warrior.
You feel a bit better.
You kill the centaur warrior!
The Council accepts your kill. The centaur warrior hits you!
* * * LOW HITPOINT WARNING * * *
The centaur warrior kicks you.
* * * LOW HITPOINT WARNING * * *
The centaur warrior hits you.
* * * LOW HITPOINT WARNING * * *
The centaur warrior kicks you.
* * * LOW HITPOINT WARNING * * *
Your Ice Magic skill increases to level 6!
Your Poison Magic skill increases to level 8!
You feel better.
You hiss as the wereblood boils in your veins!
The bullfrog snags a nearby mouse with its tongue.
The centaur warrior hits you!
You die...

##..............#
...............#
....>.........#
..............#
..............#
..............#
.............##
.....Fc).....#
......#s....##
......##...##
....#..##/.#
...###..##.#
..##c##..##.#
.##..e##..##.#
##..#..##..##.#
#..###..##..##.#
.##|##..##..##.


You could see 2 centaur warriors, a deep elf pyromancer and a bullfrog (very
poisoned).

Vanquished Creatures
  A centaur warrior (D:8)
  A two-headed ogre (D:5)
  A wyvern (D:5)
  6 yaks
  Edmund (D:5)
  A water moccasin (D:6)
  3 black bears
  2 sky beasts
  2 ice beasts
  2 ogres
  3 centaurs (D:7)
  A phantom (D:4)
  A necrophage (D:7)
  2 bullfrogs
  4 scorpions
  A jelly (D:6)
  4 hounds
  3 iguanas
  3 orc wizards
  3 gnolls (D:7)
  6 adders
  2 shadow imps (D:7)
  3 white imps
  2 ufetubi
  A worm (D:2)
  A dart slug (D:4)
  15 orcs
  8 endoplasms
  6 giant cockroaches
  8 goblins
  3 hobgoblins
  10 jackals (D:4)
  4 quokkas
  8 ball pythons
  4 bats
  6 frilled lizards
  6 kobolds
  5 rats
143 creatures vanquished.

Notes
Turn   | Place    | Note
-------+----------+-------------------------------------------
     0 | D:1      | sizableburger the Octopode Transmuter began the quest for
                  | the Orb.
     0 | D:1      | Reached XP level 1. HP: 13/13 MP: 3/3
    22 | D:1      | Reached skill level 1 in Poison Magic
   150 | D:1      | Reached XP level 2. HP: 18/18 MP: 3/5
   604 | D:1      | Reached skill level 2 in Poison Magic
   708 | D:1      | Reached XP level 3. HP: 23/23 MP: 4/6
   712 | D:1      | Learned a level 3 spell: Spider Form
   876 | D:2      | Found a faded altar of an unknown god.
  1626 | D:2      | Reached XP level 4. HP: 23/28 MP: 5/7
  1959 | D:3      | Reached skill level 3 in Poison Magic
  2018 | D:3      | Learned a level 2 spell: Wereblood
  2505 | D:4      | Noticed a scorpion
  2508 | D:4      | Identified the amulet "Omowegg" {RegenMP rElec rF+ Str-4
                  | Int+8}
  2516 | D:4      | Killed a scorpion
  2517 | D:4      | Reached XP level 5. HP: 32/34 MP: 8/8
  2730 | D:4      | Reached skill level 4 in Poison Magic
  3047 | D:4      | Noticed a phantom
  3070 | D:4      | Killed a phantom
  3071 | D:4      | Reached XP level 6. HP: 18/39 MP: 9/9
  3279 | D:4      | Learned a level 4 spell: Ice Form
  3447 | D:4      | Found a runed translucent door.
  3453 | D:4      | Noticed spaghetti's ghost (amateur DsCj)
  3892 | D:5      | Entered Level 5 of the Dungeon
  3892 | D:5      | Noticed Edmund
  3893 | D:5      | Found a staircase to the Ecumenical Temple.
  3909 | D:5      | Killed Edmund
  3910 | D:5      | Reached skill level 1 in Ice Magic
  3910 | D:5      | Reached XP level 7. HP: 14/45 MP: 11/11
  3921 | Temple   | Entered the Ecumenical Temple
  4255 | Temple   | Became a worshipper of the Wu Jian Council
  4578 | D:5      | Noticed a two-headed ogre
  4580 | D:5      | Noticed a wyvern
  4586 | D:5      | Killed a wyvern
  4612 | D:5      | HP: 1/45 [two-headed ogre/+0 giant club (24)]
  4625 | D:5      | Killed a two-headed ogre
  4626 | D:5      | Reached skill level 5 in Dodging
  4626 | D:5      | Reached XP level 8. HP: 3/50 MP: 15/15
  5103 | D:5      | Reached skill level 5 in Spellcasting
  5459 | D:5      | Noticed Pikel
  5903 | D:6      | Reached skill level 5 in Unarmed Combat
  5903 | D:6      | Reached XP level 9. HP: 55/55 MP: 17/17
  6571 | D:7      | Found a hazy altar of Hepliaklqana.
  6571 | D:7      | Found a burning altar of Makhleb.
  6571 | D:7      | Found a basalt altar of Yredelemnul.
  6591 | D:7      | Found a radiant altar of Vehumet.
  6591 | D:7      | Found a broken altar of Ashenzari.
  6596 | D:7      | Reached * piety under Wu Jian
  6670 | D:7      | Found a snail-covered altar of Cheibriados.
  6670 | D:7      | Found a hide-covered altar of Uskayaw.
  6671 | D:7      | Found an iron altar of Okawaru.
  6706 | D:7      | Reached skill level 5 in Transmutations
  7185 | D:7      | Reached skill level 5 in Poison Magic
  7866 | D:7      | Reached skill level 6 in Poison Magic
  7914 | D:7      | Reached skill level 5 in Ice Magic
  7914 | D:7      | Reached XP level 10. HP: 27/65 MP: 18/18
  8116 | D:8      | Reached skill level 7 in Poison Magic
  8150 | D:8      | Noticed a centaur warrior
  8153 | D:8      | Noticed a deep elf pyromancer
  8153 | D:8      | Noticed a centaur warrior
  8157 | D:8      | Noticed a centaur warrior
  8169 | D:8      | Killed a centaur warrior
  8169 | D:8      | HP: 3/65 [centaur warrior (1)]
  8170 | D:8      | Reached skill level 8 in Poison Magic
  8170 | D:8      | Slain by a centaur warrior

Illustrated notes

Levels and vault maps discovered:
D:1:      psy_arrival_dodecagon, layout_rooms
D:2:      layout_rooms, serial_co_window_serial, co_window_cross_1,
          co_window_of_opportunity_a, co_window_paths_b, co_window_corner_a,
          co_window_paths_a, co_window_broadway_b, co_window_broadway_c,
          co_window_of_opportunity_b, co_window_unsneaky_path_a,
          glass_columns_c, ebering_ecumenical_altar_abandoned
D:3:      layout_rooms, kennysheep_cluttered_room
D:4:      layout_loops_ring, ebering_ghost_sewer_d
D:5:      layout_basic, minmay_temple_entry_junction_2, uniq_pikel, uniq_edmund
D:6:      layout_basic, hex_large, minmay_diced_spiral
D:7:      kb_forest_paths, layout_basic, grunt_temple_overflow_open,
          minmay_manual_mares
D:8:      layout_cave_pods, chequers_serial_rivers_small_b,
          minmay_diamond_spiral, uniq_maggie
Temple:   dshaligram_water_room_temple

Skill      XL: |  1  2  3  4  5  6  7  8  9 10 |
---------------+-------------------------------+-----
Poison Magic   | 1 2 3 4 6 8 |  8.5
Unarmed Combat | 4 5 6 7 |  7.5
Fighting       | 2 4 |  4.3
Dodging        | 3 5 |  5.2
Transmutations | 3 4 5 |  5.4
Spellcasting   | 3 4 5 |  5.4
Ice Magic      | 1 4 5 6 |  6.0

Action                   |  1- 3 |  4- 6 |  7- 9 | 10-12 || total
-------------------------+-------+-------+-------+-------++-------
Melee: Unarmed           |    75 |    96 |   190 |    31 ||   392
       Constrict         |    25 |    16 |    11 |       ||    52
       Tentacles         |    13 |    17 |    11 |       ||    41
       Kick              |    16 |     9 |     3 |       ||    28
       Punch             |     3 |     2 |     3 |       ||     8
 Cast: Beastly Appendage |    19 |    10 |     2 |       ||    31
       Spider Form       |       |     3 |    17 |     2 ||    22
       Wereblood         |       |       |     4 |     1 ||     5
       Ice Form          |       |       |     8 |       ||     8
Invok: Lunge             |       |       |    12 |       ||    12
       Whirlwind         |       |       |    15 |    17 ||    32
  Use: Potion            |     1 |     4 |     4 |     2 ||    11
       Scroll            |       |     6 |     3 |       ||     9
 Stab: Sleeping          |     7 |     4 |     3 |       ||    14
       Distracted        |     1 |     1 |       |       ||     2
Armor: Skin              |     3 |    12 |    22 |     1 ||    38
Dodge: Dodged            |    40 |    62 |   133 |    22 ||   257
Block: Buckler           |       |     3 |    12 |       ||    15
       Other             |       |       |    24 |     5 ||    29
       Reflection        |       |       |     2 |       ||     2

Table legend: (Time is in decaauts)
 A = Elapsed time spent in this place.
 B = Non-inter-level travel time spent in this place.
 C = Inter-level travel time spent in this place.
 D = Time resting spent in this place.
 E = Time spent auto-exploring this place.
 F = Levels seen in this place.
 G = Mean time per level.
                   A        B        C        D        E       F      G
               +--------+--------+--------+--------+--------+-----+--------+
         Total |   8123 |   7765 |    358 |   2517 |   4117 |   9 |  902.6 |
       Dungeon |   7772 |   7504 |    268 |   2501 |   3884 |   8 |  971.5 |
        Temple |    350 |    260 |     90 |     16 |    233 |   1 |  350.0 |
               +--------+--------+--------+--------+--------+-----+--------+

Top non-repeatable levels by time:
     D:7: 1488 daAuts
     D:4: 1381 daAuts
     D:5: 1204 daAuts
     D:2: 1127 daAuts
     D:6: 1113 daAuts
     D:1: 759 daAuts
     D:3: 610 daAuts
  Temple: 350 daAuts
     D:8: 87 daAuts
